 Dungeon Crawl Stone Soup version 0.22-a0-161-g198051c (webtiles) character file.

363 wolfsongas the Ruffian (level 6, -9/44 HPs)
             Began as an Octopode Fighter on Feb 10, 2018.
             Killed from afar by brknglss's ghost (13 damage)
             ... with a blast of sand
             ... on level 4 of the Dungeon.
             The game lasted 00:03:43 (3167 turns).

wolfsongas the Ruffian (Octopode Fighter)           Turns: 3167, Time: 00:03:44

Health: -9/44      AC:  1    Str: 22    XL:     6   Next: 67%
Magic:  0/6        EV: 11    Int: 11    God:
Gold:   96         SH: 10    Dex: 11    Spells: 5/5 levels left

rFire    . . .     SeeInvis .     - Unarmed
rCold    . . .     Gourm    .   a - +1 shield
rNeg     . . .     Faith    .   (helmet restricted)
rPois    .         Spirit   +   r - amulet of guardian spirit
rElec    .         Reflect  .   (no ring)
rCorr    .         Harm     .   (no ring)
MR       .....                  (no ring)
Stlth    +++.......             (no ring)
HPRegen  0.14/turn              (no ring)
MPRegen  0.10/turn              (no ring)
                                (no ring)
                                (no ring)

@: mighty
A: almost no armour, stealthy swim, amphibious, 8 rings, constrict 8, camouflage
1, gelatinous body 1
a: no special abilities


You were on level 4 of the Dungeon.
You were full.

You visited 1 branch of the dungeon, and saw 4 of its levels.

You collected 96 gold pieces.

Inventory:

Armour
 a - a +1 shield (worn)
Jewellery
 r - an amulet of guardian spirit (around mantle)
Scrolls
 h - a scroll of enchant weapon {unknown}
 i - a scroll of magic mapping
 j - a scroll of remove curse
 k - 3 scrolls of teleportation
 s - 2 scrolls of identify
Potions
 b - a potion of might
 d - a potion of curing
 e - a potion of cancellation {unknown}
 f - a potion of invisibility {unknown}
 g - 2 potions of lignification
 l - a potion of agility
 m - a potion of mutation {unknown}
 n - a potion of degeneration {unknown}
 p - a potion of ambrosia {unknown}
 q - a potion of haste
Comestibles
 c - 5 rations


   Skills:
 + Level 4.7 Fighting
 - Level 3.0 Dodging
 * Level 3.0 Stealth
 - Level 3.0 Shields
 + Level 5.3 Unarmed Combat


You had 5 spell levels left.
You didn't know any spells.

Dungeon Overview and Level Annotations

Branches:
Dungeon (4/15)
 Temple: D:4-7

Altars:
Dithmenos
Fedhas

Annotations:
D:4 brknglss's ghost, amateur GrEE


Innate Abilities, Weirdness & Mutations

You cannot wear most types of armour.
You are very stealthy in the water. (Stealth+)
You are amphibious.
You can wear up to eight rings at the same time.
You can use your tentacles to constrict eight enemies at once.
Your skin changes colour to match your surroundings (Stealth+).
Your rubbery body absorbs attacks. (AC +1, EV +1)


Message History

The stone arrow hits you!
Ouch! That really hurt!
* * * LOW HITPOINT WARNING * * *
You barely miss brknglss's ghost.
Brknglss's ghost is lightly damaged.
Brknglss's ghost points at you and mumbles some strange words.
You block the stone arrow.
You tentacle-slap brknglss's ghost.
Brknglss's ghost is moderately damaged.
Brknglss's ghost casts a spell at you. The blast of sand misses you.
You closely miss brknglss's ghost.
Brknglss's ghost is moderately damaged.
Brknglss's ghost hits you.
* * * LOW HITPOINT WARNING * * *
You closely miss brknglss's ghost.
Brknglss's ghost is moderately damaged.
Brknglss's ghost gestures at you while chanting.
The blast of sand hits you!
You die...

...% ..... ......
.... ..... #.....
.....##..# #....
.....#...####...
$.W..........#
##..........#
#...).......#
...#......W..#
...........@..#
.....................
.!...................
............###......
...####.....# ......
... #......# ......
.. #..##..# ..... ..#
##.. #####


You could see brknglss's ghost.

Vanquished Creatures
  Sigmund (D:2)
  An ogre (D:4)
  An iguana (D:4)
  6 adders
  3 worms
  An orc (D:3)
  3 giant cockroaches
  4 goblins
  6 hobgoblins
  3 kobolds
  4 bats
  3 frilled lizards
  6 rats
42 creatures vanquished.

Notes
Turn   | Place    | Note
-------+----------+-------------------------------------------
     0 | D:1      | wolfsongas the Octopode Fighter began the quest for the Orb.
     0 | D:1      | Reached XP level 1. HP: 16/16 MP: 1/1
   268 | D:1      | Reached XP level 2. HP: 21/21 MP: 2/2
  1048 | D:2      | Reached skill level 3 in Unarmed Combat
  1049 | D:2      | Reached XP level 3. HP: 21/26 MP: 3/3
  1470 | D:2      | Noticed Sigmund
  1478 | D:2      | Killed Sigmund
  1478 | D:2      | Reached skill level 4 in Unarmed Combat
  1478 | D:2      | Reached XP level 4. HP: 20/34 MP: 1/4
  1478 | D:2      | Reached XP level 5. HP: 22/38 MP: 1/5
  1934 | D:3      | Reached skill level 5 in Unarmed Combat
  2011 | D:3      | Reached XP level 6. HP: 43/44 MP: 6/6
  2134 | D:3      | Found a blossoming altar of Fedhas.
  2463 | D:3      | Found a shadowy altar of Dithmenos.
  2540 | D:3      | Reached skill level 1 in Stealth
  2955 | D:4      | Noticed brknglss's ghost (amateur GrEE)
  3167 | D:4      | Killed from afar by brknglss's ghost

Vault maps used:
D:1:      minmay_arrival_split_and_join
D:2:      minmay_hexomino_u4, uniq_sigmund
D:3:      nicolae_overflow_crystal_walls, fedhas_altar_1
D:4:      nicolae_qazlal_style_of_elements, kennysheep_mini_moat,
          cheibrodos_ashenzari_chains, minmay_close_crescents

Skill      XL: |  1  2  3  4  5  6 |
---------------+-------------------+-----
Unarmed Combat | 3 4 5 |  5.3
Fighting       | 4 |  4.7
Stealth        | 3 |  3.0
Dodging        | |  3.0
Shields        | |  3.0

Action                   |  1- 3 |  4- 6 || total
-------------------------+-------+-------++-------
Melee: Unarmed           |    51 |    52 ||   103
       Constrict         |    16 |     6 ||    22
       Tentacles         |    11 |     7 ||    18
       Punch             |     1 |     3 ||     4
  Use: Potion            |     2 |     1 ||     3
       Scroll            |     3 |     5 ||     8
 Stab: Sleeping          |     4 |     5 ||     9
       Distracted        |     1 |       ||     1
  Eat: Chunk             |     4 |       ||     4
       Ration            |       |     3 ||     3
Armor: Skin              |     3 |     5 ||     8
Dodge: Dodged            |    13 |    21 ||    34
Block: Shield            |    13 |    16 ||    29

Table legend:
 A = Spawn XP
 B = Non-spawn XP
 C = Spawn XP percentage of total XP
 D = Spawn monster count
 E = Non-spawn monster count
 F = Spawn count percentage of total count
 G = Total turns spent on level
                    A         B        C        D         E        F      G
               +---------+---------+-------+---------+---------+-------+---------
         Total |       0 |     519 |   0.0 |       0 |      42 |   0.0 |  3167
               +---------+---------+-------+---------+---------+-------+---------
           D:1 |       0 |      14 |   0.0 |       0 |       8 |   0.0 |   785
           D:2 |       0 |     286 |   0.0 |       0 |      17 |   0.0 |  1087
           D:3 |       0 |      61 |   0.0 |       0 |      15 |   0.0 |  1227
           D:4 |       0 |     158 |   0.0 |       0 |       2 |   0.0 |    68
               +---------+---------+-------+---------+---------+-------+---------
